 Dungeon Crawl Stone Soup version 0.31-a0-142-g31f6795574 (webtiles) character file.

Game seed: 15942112789619378272

133 Fnord73 the Slasher (level 4, -5/38 (41) HPs)
             Began as a Minotaur Berserker on June 3, 2023.
             Was a Priest of Trog.
             Killed from afar by an orc wizard (6 damage)
             ... with a puff of flame
             ... on level 4 of the Dungeon.
             The game lasted 00:14:09 (1912 turns).

Fnord73 the Slasher (Minotaur Berserker)            Turns: 1912, Time: 00:14:12

HP:   -5/38 (41)    AC:  9    Str: 22    XL:     4   Next: 94%
MP:   3/3           EV:  9    Int:  6    God:    Trog [***...]
Gold: 54            SH:  0    Dex:  9    Spells: 3/3 levels left

rFire   . . .        h - +0 long sword
rCold   . . .        (no shield)
rNeg    . . .        i - +0 chain mail
rPois   .            (helmet restricted)
rElec   .            (no cloak)
rCorr   .            (no gloves)
SInv    .            (no boots)
Will    .....        (no amulet) Stlth
                     (no ring)
HPRegen 0.26/turn    (no ring)
MPRegen 0.08/turn

%: no passive effects
@: drained
A: horns 2, retaliatory headbutt
a: Renounce Religion, Berserk, Trog's Hand


You were on level 4 of the Dungeon.
You worshipped Trog.
Trog was most pleased with you.
You visited 1 branch of the dungeon, and saw 4 of its levels.

You collected 54 gold pieces.

Inventory:

Hand Weapons
 a - a +0 falchion
 c - a +0 mace
 h - a +0 long sword (weapon)
 m - a +1 dagger of speed
Armour
 b - a +0 animal skin
 f - a +0 ring mail
 i - a +0 chain mail (worn)
Jewellery
 o - a ring of flight
Scrolls
 e - 2 scrolls of identify {unknown}
 g - 3 scrolls of teleportation
 j - a scroll of immolation {unknown}
Potions
 d - a potion of haste {unknown}
 k - a potion of ambrosia {unknown}
 l - a potion of curing {unknown}
 n - 3 potions of heal wounds {unknown}
 p - a potion of degeneration {unknown}


   Skills:
 + Level 4.7 Fighting
 + Level 5.2 Long Blades
 + Level 3.5 Armour
 + Level 2.6 Dodging
 + Level 0.1 Stealth


You had 3 spell levels left.
You didn't know any spells.
Your spell library contained the following spells:

 Spells                   Type           Power      Damage    Failure   Level
 Borgnjor's Revivificati  Necr           0%         N/A       100%        8
 Necromutation            Tmut/Necr      0%         N/A       100%        8
 Death's Door             Necr           0%         N/A       100%        9


Dungeon Overview and Level Annotations

Branches:
Dungeon (4/15)
 Temple: D:4-7

Altars:

Annotations:
D:1 1 transporter


Innate Abilities, Weirdness & Mutations

You have a pair of horns on your head.
You reflexively headbutt those who attack you in melee.


Message History

You are confused.
In your confused state, you trip and fall down the stairs.
* * * LOW HITPOINT WARNING * * *
You climb downwards.
You hear the sound of rushing water.
There is an entrance to a sewer on this level.
Hurry and find it before the portal rusts away!
Reactivating autopickup.
There is a stone staircase leading up here.
You miss the jackal.
The jackal is moderately wounded.
The adder closely misses you. The jackal closely misses you.
Something hits you but does no damage.
Deactivating autopickup; reactivate with Ctrl-A.
You closely miss the adder.
The adder is moderately wounded.
The adder bites you but does no damage.
The jackal bites you but does no damage.
Something hits you but does no damage. The adder barely misses you.
The jackal bites you but does no damage.
You hit the adder but do no damage.
The adder is moderately wounded.
The adder barely misses you. The jackal bites you.
* * * LOW HITPOINT WARNING * * *
Something hits you but does no damage.
Found a sapphire potion.
You feel less confused. Something hits you but does no damage.
The jackal bites you but does no damage.
You hit the jackal.
The jackal is severely wounded.
The jackal bites you but does no damage.
Something hits you but does no damage. The jackal bites you.
* * * LOW HITPOINT WARNING * * *
You hit the jackal.
You kill the jackal!
Trog accepts your kill.
You hear some strange, mumbled words.
A puff of flame appears from out of thin air!
The puff of flame hits you.
You die...

.#. .. . #.##.
.... #..# ..#
#.######.####..
#.....@S.......
#......#{#..##..
...........##
........####
...#!.## .. ..#
. ... ...#


You could see an adder.

Vanquished Creatures
  3 gnolls (D:2)
  2 adders (D:2)
  A worm (D:2)
  2 dart slugs
  3 orcs (D:3)
  4 ball pythons
  5 bats (D:1)
  5 endoplasms
  5 goblins
  6 hobgoblins
  13 jackals
  6 kobolds
  2 quokkas (D:1)
  11 frilled lizards
  3 rats
71 creatures vanquished.

Notes
Turn   | Place    | Note
-------+----------+-------------------------------------------
     0 | D:1      | Fnord73 the Minotaur Berserker began the quest for the Orb.
     0 | D:1      | Reached XP level 1. HP: 19/19 MP: 0/0
    35 | D:1      | Reached XP level 2. HP: 12/27 MP: 1/1
    67 | D:1      | Reached skill level 4 in Long Blades
   264 | D:1      | Found a faded altar of an unknown god.
   285 | D:1      | Reached ** piety under Trog
   315 | D:1      | Reached XP level 3. HP: 33/33 MP: 2/2
   697 | D:2      | Reached XP level 4. HP: 9/41 MP: 3/3
  1712 | D:2      | Reached skill level 5 in Long Blades
  1794 | D:2      | Reached *** piety under Trog
  1909 | D:4      | HP: 1/38 [jackal (3)]
  1912 | D:4      | Killed from afar by an orc wizard

Illustrated notes

Levels and vault maps discovered:
D:1:      spicycebolla_arrival_transporter_tutorial, layout_rooms,
          ebering_ecumenical_altar_petrified, minmay_misc_feat_four_crosses,
          amcnicky_mini_corridor_feature, minmay_lizard_king
D:2:      layout_basic
D:3:      layout_rooms
D:4:      layout_rooms, portal_sewer_entry_e, uniq_ijyb

Skill      XL: |  1  2  3  4 |
---------------+-------------+-----
Fighting       | 4 |  4.7
Long Blades    | 4 5 |  5.2
Armour         | 3 |  3.5
Dodging        | |  2.6
Stealth        | |  0.1

Action                     |  1- 3 |  4- 6 || total
---------------------------+-------+-------++-------
  Melee: Falchion          |   108 |       ||   108
         Headbutt          |    29 |    10 ||    39
         Long sword        |    38 |    56 ||    94
         Punch             |     1 |     1 ||     2
    Use: Scroll            |       |     1 ||     1
 Armour: Animal skin       |     8 |       ||     8
         Ring mail         |     7 |       ||     7
         Chain mail        |    52 |    61 ||   113
  Dodge: Dodged            |    67 |    49 ||   116

Table legend: (Time is in decaauts)
 A = Elapsed time spent in this place.
 B = Non-inter-level travel time spent in this place.
 C = Inter-level travel time spent in this place.
 D = Time resting spent in this place.
 E = Time spent auto-exploring this place.
 F = Levels seen in this place.
 G = Mean time per level.
                   A        B        C        D        E       F      G
               +--------+--------+--------+--------+--------+-----+--------+
         Total |   1937 |   1936 |      1 |    734 |      0 |   4 |  484.2 |
       Dungeon |   1937 |   1936 |      1 |    734 |      0 |   4 |  484.2 |
               +--------+--------+--------+--------+--------+-----+--------+

Top non-repeatable levels by time:
     D:1: 1359 daAuts
     D:2: 538 daAuts
     D:3: 32 daAuts
     D:4: 6 daAuts
